Map: Arctic Gates

Players

TheMennis

  • Race: Zerg Zerg
  • League: Gold
  • Spawn Location: 3:00

Raeign

  • Race: Terran Terran
  • League: Silver
  • Spawn Location: 0:00

Metasapien - Winner!

  • Race: Zerg Zerg
  • League: Platinum
  • Spawn Location: 0:00

Kswiss - Winner!

  • Race: Protoss Protoss
  • League: Silver
  • Spawn Location: 9:00

VOD

Have the link to the VOD?

Description

Time

  • Played on: Sept. 23, 2017, 3:24 a.m.
  • Length: 13:00
Show
View Real Time Build Order
Export as new Build Order

TheMennis Zerg 

Build Orders: Hatch First 

Get SALT Encoding   

  12  0:07  Drone  
  12  0:08  Drone  
  14  0:18  Extractor  
  14  0:19  Drone  
  15  0:50  Hatchery  
  15  0:51  Extractor  
  13  1:02  Spawning Pool  
  12  1:18  Overlord  
  12  1:19  Drone x2  
  14  1:49  Zergling x2  
  14  1:50  Zergling x2  
  16  1:57  Spore Crawler  
  16  1:59  Zergling x2  
  16  2:00  Metabolic Boost  
  16  2:07  Zergling x4  
  18  2:20  Spine Crawler  
  17  2:23  Drone  
  18  2:35  Drone x2  
  20  2:57  Drone x3  
  20  2:58  Drone  
  24  3:02  Spore Crawler  
  23  3:15  Lair  
  23  3:33  Spore Crawler  
  22  3:38  Drone x5  
  27  3:43  Extractor  
  26  3:53  Drone x2  
  28  3:57  Overlord  
  28  4:22  Drone  
  28  4:23  Drone x4, Spire  
  32  4:28  Overseer  
  32  4:35  Drone x3  
  35  5:03  Overlord x3  
  35  5:07  Extractor  
  35  5:08  Queen, Extractor  
  35  5:28  Drone x5  
  40  5:41  Mutalisk  
  40  5:42  Mutalisk x2  
  46  5:43  Spore Crawler  
  45  5:54  Mutalisk x2  
  49  6:18  Corruptor  
  49  6:19  Mutalisk  
  53  6:28  Queen, Spore Crawler  
  54  6:33  Mutalisk x2  
  57  7:03  Queen  
  53  7:17  Mutalisk  
  53  7:18  Mutalisk x3  
  57  7:26  Mutalisk  
  59  7:30  Zergling x2  
  57  7:42  Corruptor  
  59  8:04  Hatchery  
  52  8:31  Spine Crawler  
  52  8:32  Spine Crawler  
  50  8:36  Spine Crawler  
  47  9:03  Corruptor  
  47  9:04  Corruptor x3  
  48  9:26  Roach Warren  
  48  9:27  Drone x3  
  48  9:28  Drone x3  
  45  9:51  Drone  
  45  9:52  Drone x6  
  52  9:54  Queen  
  54  10:13  Drone  
  54  10:14  Drone x6  
  58  10:20  Queen  
  63  10:27  Roach  
  65  10:29  Overlord x3  
  65  10:37  Glial Reconstitution  
  65  10:46  Evolution Chamber x2  
  63  11:02  Drone x4  
  63  11:03  Drone x5  
  72  11:23  Zergling x2, Roach x2  
  75  11:32  Spine Crawler  
  70  11:33  Spine Crawler  
  70  11:35  Spine Crawler  
  68  11:40  Roach  
  68  11:41  Roach x5  
  73  11:56  Roach x3  
  73  12:05  Roach x3  
  73  12:12  Spine Crawler  
  50  12:36  Roach x4  
  58  12:37  Roach x4  
Show
View Real Time Build Order
Export as new Build Order

Raeign Terran 

Build Orders:  

Get SALT Encoding   

  12  0:23  Supply Depot  
  12  0:26  Refinery  
  12  0:40  SCV  
  13  0:49  Barracks  
  13  0:52  SCV  
  14  1:04  SCV  
  15  1:16  SCV  
  16  1:28  SCV  
  17  1:37  Marine  
  18  1:48  Factory  
  18  1:52  Refinery  
  18  2:09  SCV  
  19  2:21  SCV  
  20  2:32  Factory Tech Lab  
  20  2:36  Engineering Bay  
  20  2:50  Command Center  
  20  2:52  Siege Tank  
  23  3:05  Orbital Command  
  23  3:13  Missile Turret  
  23  3:42  Missile Turret  
  23  3:50  Siege Tank  
  23  3:52  Supply Depot  
  26  3:58  SCV  
  27  4:05  Refinery  
  27  4:09  Starport  
  27  4:10  SCV  
  28  4:18  Orbital Command  
  28  4:30  Refinery  
  28  5:03  Starport Reactor  
  28  5:33  SCV  
  28  5:35  SCV  
  30  5:45  SCV  
  30  5:46  Factory  
  30  5:47  SCV  
  32  5:57  SCV  
  32  5:59  SCV  
  34  6:09  SCV  
  34  6:11  SCV, Viking x2  
  40  6:21  SCV  
  40  6:22  Missile Turret  
  40  6:23  Missile Turret  
  40  6:24  SCV  
  42  6:41  Viking x2  
  42  6:42  Missile Turret  
  46  6:50  SCV  
  46  6:52  SCV  
  47  7:02  SCV  
  47  7:04  SCV  
  47  7:15  SCV  
  48  7:16  SCV  
  49  7:27  SCV  
  49  7:28  SCV  
  51  7:39  SCV  
  51  7:40  SCV  
  51  8:02  Starport  
  51  8:05  Starport  
  51  8:08  Factory Tech Lab  
  51  8:11  Starport  
  51  8:12  Factory  
  51  8:28  Missile Turret  
  51  8:29  Missile Turret  
  51  8:32  Missile Turret  
  51  8:43  Starport Reactor  
  51  8:45  Starport Reactor  
  51  8:59  SCV x2  
  53  9:11  SCV  
  54  9:39  Viking x4  
  54  9:45  Supply Depot  
  62  9:48  Supply Depot  
  62  9:50  Supply Depot  
  62  9:53  Supply Depot  
  62  9:55  Supply Depot  
  62  10:06  SCV, Viking x2  
  67  10:07  Command Center  
  67  10:23  Missile Turret  
  67  10:24  Missile Turret  
  67  10:27  Starport Reactor  
  67  10:43  Missile Turret  
  67  11:05  Factory Tech Lab  
  55  11:45  Marine  
Show
View Real Time Build Order
Export as new Build Order

Metasapien Zerg - Winner!

Build Orders: Pool First 

Get SALT Encoding   

  12  0:01  Drone  
  13  0:23  Spawning Pool  
  12  0:29  Drone  
  12  0:34  Extractor  
  12  0:35  Drone  
  13  0:44  Overlord  
  13  0:49  Drone  
  14  1:02  Drone x2  
  16  1:13  Drone  
  17  1:33  Hatchery  
  17  1:34  Drone  
  17  1:42  Metabolic Boost  
  17  1:45  Drone  
  18  1:49  Drone  
  19  2:01  Overlord  
  19  2:07  Drone  
  20  2:15  Queen  
  20  2:21  Overlord  
  22  2:31  Drone  
  23  2:49  Hatchery  
  23  2:50  Drone  
  23  2:57  Drone  
  24  3:08  Zergling x4  
  24  3:09  Zergling x4  
  28  3:14  Queen  
  30  3:28  Drone x2, Extractor  
  30  3:29  Drone x2  
  30  3:31  Drone x2  
  35  3:39  Zergling x2  
  36  3:50  Drone  
  36  3:54  Pneumatized Carapace  
  37  4:05  Roach Warren  
  37  4:08  Drone x3  
  39  4:17  Drone  
  39  4:18  Drone  
  39  4:19  Drone x2  
  39  4:21  Queen  
  39  4:22  Overlord  
  45  4:37  Lair  
  45  4:39  Drone  
  45  4:40  Drone x2  
  45  4:41  Drone x2  
  50  4:53  Roach x3  
  50  4:54  Roach  
  58  5:03  Overlord x2  
  58  5:14  Extractor  
  58  5:16  Drone, Extractor  
  58  5:19  Overlord  
  57  5:22  Drone x2  
  57  5:24  Drone x3  
  62  5:37  Roach x2  
  62  5:40  Drone x2  
  62  5:41  Drone x2  
  62  5:42  Drone  
  71  5:44  Roach x4  
  71  5:45  Roach  
  71  5:47  Overlord x2  
  81  5:55  Extractor  
  80  5:58  Drone  
  80  6:03  Extractor  
  80  6:05  Roach  
  80  6:10  Glial Reconstitution  
  82  6:12  Hydralisk Den  
  81  6:23  Drone x4  
  81  6:24  Drone  
  81  6:25  Overseer  
  86  6:26  Evolution Chamber, Overseer  
  86  6:27  Overlord x3, Evolution Chamber  
  86  6:29  Unknown x2, Roach  
  86  6:30  Roach x3  
  86  6:32  Drone  
  93  6:38  Overlord  
  90  6:53  Zergling x4  
  90  6:55  Hydralisk x3  
  90  6:56  Hydralisk x4  
  90  6:59  Roach  
  106  7:05  Ravager x2  
  108  7:16  Ravager  
  108  7:17  Ravager  
  108  7:18  Ravager  
  94  7:42  Hydralisk x3  
  94  7:43  Hydralisk x2  
  97  7:44  Hydralisk  
  97  7:51  Hydralisk  
  94  7:55  Drone x2  
  94  7:58  Drone  
  99  8:10  Spore Crawler  
  90  8:21  Drone x3, Queen  
  90  8:23  Queen  
  90  8:26  Queen  
  99  8:31  Muscular Augments  
  99  8:32  Hydralisk x2  
  99  8:33  Roach, Hydralisk x3  
  111  8:35  Overlord x2  
  111  8:43  Zerg Missile Weapons Level 1  
  111  8:47  Drone x3  
  114  8:58  Hatchery  
  105  9:23  Spore Crawler  
  104  9:26  Hydralisk x4  
  104  9:27  Hydralisk x5  
  104  9:28  Hydralisk x4  
  130  9:37  Overlord x3  
  130  9:43  Hatchery  
  129  9:58  Overseer  
  129  10:00  Nydus Network  
  129  10:05  Zerg Ground Armor Level 1  
  128  10:13  Hydralisk x3  
  134  10:14  Roach x2  
  134  10:15  Overlord x2  
  134  10:16  Zergling x6  
  134  10:17  Zergling x2  
  134  10:19  Drone  
  134  10:20  Drone x2  
  145  10:26  Drone  
  145  10:27  Drone  
  147  10:34  Extractor  
  146  10:36  Overlord x4  
  146  10:39  Overseer  
  146  10:40  Extractor  
  145  10:50  Hydralisk x2  
  145  10:51  Overlord, Hydralisk  
  145  10:52  Hydralisk x2  
  145  10:53  Overlord, Hydralisk x2  
  159  11:10  Nydus Canal  
  159  11:13  Roach x2, Hydralisk x2  
  159  11:14  Roach  
  159  12:06  Drone x2  
  159  12:07  Drone  
  150  12:17  Infestation Pit  
  145  12:24  Zergling x20  
  155  12:38  Drone x2  
  155  12:39  Drone  
  155  12:40  Drone x2  
  155  12:41  Drone  
  161  12:50  Ravager  
Show
View Real Time Build Order
Export as new Build Order

Kswiss Protoss - Winner!

Build Orders:  

Get SALT Encoding   

  12  0:02  Probe (Chrono Boost)  
  13  0:13  Probe (Chrono Boost)  
  14  0:23  Probe (Chrono Boost)  
  14  0:28  Pylon  
  15  0:46  Probe (Chrono Boost)  
  15  0:49  Gateway  
  16  0:57  Forge  
  16  1:00  Assimilator  
  17  1:04  Probe (Chrono Boost)  
  17  1:15  Probe (Chrono Boost)  
  18  1:18  Pylon  
  18  1:26  Probe (Chrono Boost)  
  19  1:36  Probe (Chrono Boost)  
  19  1:39  Assimilator  
  20  2:08  Cybernetics Core  
  20  2:12  Probe (Chrono Boost)  
  20  2:13  Photon Cannon  
  21  2:22  Probe (Chrono Boost)  
  22  2:26  Photon Cannon  
  22  2:34  Photon Cannon  
  22  2:39  Assimilator  
  22  3:07  Stargate  
  22  3:22  Nexus  
  22  3:29  Pylon  
  22  3:36  Photon Cannon  
  22  3:46  Pylon  
  22  3:50  Void Ray (Chrono Boost)  
  26  4:03  Stargate  
  26  4:09  Probe (Chrono Boost)  
  27  4:16  Assimilator  
  27  4:33  Void Ray (Chrono Boost)  
  27  4:36  Protoss Air Weapons Level 1 (Chrono Boost)  
  31  4:40  Probe  
  32  4:50  Probe  
  33  5:01  Probe  
  38  5:07  Void Ray (Chrono Boost)  
  38  5:12  Probe  
  39  5:21  Void Ray (Chrono Boost)  
  39  5:22  Probe  
  44  5:33  Probe  
  45  5:43  Probe  
  46  5:54  Probe  
  46  5:56  Pylon  
  51  6:04  Probe  
  51  6:05  Void Ray x2 (Chrono Boost)  
  56  6:38  Pylon  
  56  6:44  Twilight Council  
  40  7:24  Warp Gate (Chrono Boost)  
  40  7:26  Phoenix (Chrono Boost)  
  40  7:29  Phoenix (Chrono Boost)  
  44  7:40  Pylon  
  44  7:41  Pylon  
  44  7:42  Gateway  
  44  7:44  Gateway  
  44  7:48  Phoenix (Chrono Boost)  
  48  7:54  Phoenix (Chrono Boost)  
  48  8:03  Probe, Templar Archives  
  49  8:09  Assimilator  
  49  8:13  Probe  
  50  8:24  Probe  
  51  8:34  Probe  
  52  8:45  Probe, Phoenix x2 (Chrono Boost)  
  53  9:30  Psionic Storm  
  53  9:35  Gateway  
  53  9:36  Gateway  
  53  9:42  Gateway  
  53  9:45  Gateway  
  53  9:53  Protoss Ground Weapons Level 1 (Chrono Boost)  
  53  9:55  Probe  
  53  9:57  Nexus  
  54  10:06  Probe, High Templar x2  
  58  10:07  High Templar  
  61  10:15  Protoss Air Armor Level 1  
  61  10:16  Probe  
  62  10:21  Charge (Chrono Boost)  
  62  10:27  Probe  
  63  10:37  Probe  
  63  10:42  High Templar x2  
  68  10:57  Phoenix  
  70  11:05  Stalker  
  70  11:07  Stalker x2  
  70  11:09  Stalker  
  72  12:23  Stalker  
  72  12:24  Stalker x5  
  72  12:25  Stalker  
Tags
 
Add a new tag
Caveats
  • Supply blocks, unpowered buildings, or Contaminate may cause inaccurate times.
  • Supply counts are checked every 10 seconds.